 Dungeon Crawl Stone Soup version 0.23.1-38-g628c18f (webtiles) character file.

Game seed: 10254597210158482519

227 dvd the Twirler (level 5, -3/30 HPs)
             Began as a Deep Elf Gladiator on Mar 28, 2019.
             Slain by a gnoll
             ... wielding a +0 club
              (4 damage)
             ... on level 4 of the Dungeon.
             The game lasted 00:05:11 (2748 turns).

dvd the Twirler (Deep Elf Gladiator)                Turns: 2748, Time: 00:05:12

Health: -3/30      AC:  7    Str: 11 (12) XL:     5   Next: 70%
Magic:  7/7        EV: 12    Int: 12 (13) God:
Gold:   148        SH:  0    Dex: 13 (16) Spells: 4/4 levels left

rFire    . . .     SeeInvis .   a - +0 quarterstaff
rCold    . . .     Gourm    .   (shield currently unavailable)
rNeg     . . .     Faith    .   p - +0 ring mail
rPois    .         Spirit   .   c - +0 helmet
rElec    .         Reflect  .   o - +0 cloak
rCorr    .         Harm     .   (no gloves)
MR       .....                  (no boots)
Stlth    +.........             (no amulet)
HPRegen  0.10/turn              (no ring)
MPRegen  0.10/turn              (no ring)

@: hasted, very quick
A: no striking features
a: no special abilities


You were on level 4 of the Dungeon.
You were not hungry.

You visited 1 branch of the dungeon, and saw 5 of its levels.

You collected 148 gold pieces.

Inventory:

Hand Weapons
 a - a +0 quarterstaff (weapon)
 m - a +2 spear of piercing
Missiles
 d - 3 throwing nets (quivered)
Armour
 b - a +0 leather armour
 c - a +0 helmet (worn)
 o - a +0 cloak (worn)
 p - a +0 ring mail (worn)
Wands
 r - a wand of digging (6)
Scrolls
 e - 3 scrolls of identify {unknown}
 g - a scroll of noise {unknown}
 j - 3 scrolls of fog {unknown}
 k - a scroll of remove curse {unknown}
 l - 2 scrolls of blinking {unknown}
Potions
 h - a potion of degeneration
 i - a potion of lignification {unknown}
 n - a potion of might {unknown}
 s - a potion of haste
 t - a potion of berserk rage {unknown}
Comestibles
 f - 8 rations
 q - a chunk of flesh


   Skills:
 + Level 2.2 Fighting
 + Level 4.8 Staves
 + Level 2.0 Throwing
 + Level 1.4 Armour
 + Level 4.6 Dodging
 + Level 1.9 Stealth


You had 4 spell levels left.
You didn't know any spells.
Your spell library was empty.

Dungeon Overview and Level Annotations

Branches:
Dungeon (5/15)
 Temple: D:4-7

Altars:
Hepliaklqana

Annotations:
D:4 Blork the orc


Message History

You kill the orc!
The worker ant barely misses you. The gnoll hits you but does no damage.
Things that are here:
a +0 war axe; a +0 leather armour; an orc corpse You hit the gnoll.
The gnoll is lightly wounded.
The worker ant closely misses you. The gnoll hits you with a +0 club.
* * * LOW HITPOINT WARNING * * *
The worker ant bites you.
* * * LOW HITPOINT WARNING * * *
Unknown command.
It was a potion of degeneration.
There was something very wrong with that liquid.
You feel weakened.
You feel dopey.
You feel clumsy. The gnoll barely misses you.
The worker ant bites you but does no damage.
It was a potion of haste.
You feel yourself speed up. The gnoll hits you with a +0 club.
You die...

... ... #g# ...
#.# #.# #.#
#.#####
#g#####.#....
#>..g..o.....
#....)..#h#g###.
#.###...#g#a#
.....#.#@#
.......#.#g#
####......o#
#.......#
####...## #....#
#...$.# #.....#
....###


You could see Blork the orc, a worker ant, 2 gnolls and an orc.

Vanquished Creatures
  A quasit (D:5)
  An orc priest (D:4)
  Natasha (twice) (D:2)
  5 adders
  3 worms
  4 leopard geckos
  4 orcs
  A ball python (D:2)
  11 bats
  4 giant cockroaches
  4 goblins
  2 hobgoblins
  2 jackals (D:5)
  5 kobolds
  6 frilled lizards
  8 rats
63 creatures vanquished.

Notes
Turn   | Place    | Note
-------+----------+-------------------------------------------
     0 | D:1      | dvd the Deep Elf Gladiator began the quest for the Orb.
     0 | D:1      | Reached XP level 1. HP: 12/12 MP: 3/3
   242 | D:1      | Reached XP level 2. HP: 17/17 MP: 4/4
   713 | D:2      | Noticed Natasha
  1137 | D:2      | Reached XP level 3. HP: 12/21 MP: 5/5
  1479 | D:2      | Reached skill level 1 in Stealth
  1834 | D:2      | Reached XP level 4. HP: 26/26 MP: 6/6
  1892 | D:2      | Killed Natasha
  1922 | D:2      | Noticed Natasha
  2015 | D:2      | Killed Natasha
  2015 | D:2      | Reached skill level 1 in Armour
  2321 | D:3      | Reached XP level 5. HP: 26/30 MP: 7/7
  2466 | D:3      | Found a hazy altar of Hepliaklqana.
  2500 | D:3      | You fall through a shaft for 2 floors!
  2500 | D:5      | Entered Level 5 of the Dungeon
  2729 | D:4      | Noticed Blork the orc
  2746 | D:4      | HP: 1/30 [worker ant (3)]
  2748 | D:4      | Slain by a gnoll

Skill      XL: |  1  2  3  4 |
---------------+-------------+-----
Dodging        | 4 |  4.6
Stealth        | 1 |  1.9
Fighting       | 2 |  2.2
Staves         | 4 |  4.8
Armour         | 1 |  1.4
Throwing       | |  2.0

Action                   |  1- 3 |  4- 6 || total
-------------------------+-------+-------++-------
Melee: Quarterstaff      |   102 |    91 ||   193
  Use: Potion            |       |     2 ||     2
 Stab: Sleeping          |     7 |     1 ||     8
  Eat: Chunk             |     3 |     3 ||     6
Armor: Leather armour    |    25 |       ||    25
       Ring mail         |    11 |    75 ||    86
Dodge: Dodged            |    84 |    76 ||   160
